AoeStats
← kolemy

Coastal Forest

503213872Analyzed
3v3 RM · 1mo ago on Aug 30, 2026· 17m 54s· 6 players
Game mode
Random Map
Map size
Normal (6 player)
Population
200
Speed
Normal
Resources
Standard
Victory
Conquest
Starting age
Dark Age
Ending age
Imperial Age
RankedLock teamsTeams togetherTeam positionsShared explorationLock speedFull tech treeHidden civsTurbo modeCheats
Victory
Defeat
🇹🇼 Franks · Taiwan
732
+12
🇺🇸 Cumans · United States
708
+13
🇨🇱 Teutons · Chile
594
+18
🇺🇸 Franks · United States
680
-16
🇶🇦 Maya · Qatar
638
-14
🇬🇹 Vietnamese · Guatemala
583
-12
LaCroixBoi
0:28 Loom
14:07 Feudal Age
kolemy
0:46 Loom
15:54 Feudal Age
18:21 Wheelbarrow
17:32 Town Watch
17:45 Fishing Lines
TheDon
0:29 Loom
reymundo
3:02 Loom
12:58 Feudal Age
15:30 Double-Bit Axe
15:55 Horse Collar
16:13 Man-at-Arms
18:32 Forging
Cami Berris
1:00 Loom
12:58 Feudal Age
14:31 Wheelbarrow
13:41 Town Watch
14:18 Double-Bit Axe
15:44 Horse Collar
16:04 Fishing Lines
瀧注洄洮
11:34 Feudal Age
12:17 Double-Bit Axe
13:53 Man-at-Arms
15:57 Forging
Connection lost

Rejoining the realm…

Still unreachable

The connection could not be restored.

Session expired

The server has moved on; the page needs a fresh start.